 Dungeon Crawl Stone Soup version 0.30.0-18-gc0e69614cb (webtiles) character file.

Game seed: 195935176406244083

692 KittyFluff the Cudgeller (level 7, -4/44 HPs)
             Began as a Gargoyle Berserker on May 24, 2023.
             Was a Priest of Trog.
             Killed from afar by Ijyb (10 damage)
             ... with a puff of flame
             ... on level 4 of the Dungeon.
             The game lasted 00:17:48 (4550 turns).

KittyFluff the Cudgeller (Gargoyle Berserker)       Turns: 4550, Time: 00:17:49

Health: -4/44      AC:  9    Str: 20    XL:     7   Next: 63%
Magic:  7/7        EV: 11    Int:  8    God:    Trog [***...]
Gold:   192        SH:  3    Dex: 11    Spells: 6/6 levels left

rFire   . . .        a - +0 mace
rCold   . . .        n - +0 buckler
rNeg    + + .        c - +0 leather armour
rPois   ∞            (no helmet)
rElec   +            (no cloak)
rCorr   .            (no gloves)
SInv    .            s - +0 pair of boots
Will    .....        (no amulet)
Stlth   +            d - ring of positive energy
HPRegen 0.27/turn    (no ring)
MPRegen 0.10/turn

%: no passive effects
@: no status effects
A: sickness immunity, AC +4, negative energy resistance 1, electricity
resistance, torment resistance 1, petrification resistance
a: Renounce Religion, Berserk, Trog's Hand


You were on level 4 of the Dungeon.
You worshipped Trog.
Trog was most pleased with you.
You visited 1 branch of the dungeon, and saw 4 of its levels.
You also visited: Sewer.

You collected 192 gold pieces.

Inventory:

Hand Weapons
 a - a +0 mace (weapon)
Missiles
 h - 16 poisoned darts (quivered)
 i - 2 throwing nets
Armour
 c - a +0 leather armour (worn)
 n - a +0 buckler (worn)
 s - a +0 pair of boots (worn)
Jewellery
 d - a ring of positive energy (left hand)
Scrolls
 e - a scroll of brand weapon {unknown}
 k - 3 scrolls of teleportation
 l - a scroll of fog {unknown}
 p - 2 scrolls of magic mapping {unknown}
 r - a scroll of enchant armour {unknown}
 t - a scroll of poison {unknown}
 w - a scroll of immolation {unknown}
 x - a scroll of enchant weapon {unknown}
Potions
 b - 2 potions of might {unknown}
 f - a potion of degeneration {unknown}
 g - 3 potions of heal wounds
 j - 3 potions of magic
 m - 2 potions of lignification
 o - 2 potions of curing {unknown}
 q - 2 potions of flight {unknown}
 u - a potion of experience {unknown}
 v - 2 potions of invisibility {unknown}
 z - a potion of haste {unknown}
 A - a potion of cancellation {unknown}
 C - a potion of mutation {unknown}


   Skills:
 + Level 4.6 Fighting
 + Level 6.1 Maces & Flails
 * Level 4.6 Armour
 + Level 2.8 Dodging
 + Level 1.1 Stealth
 + Level 1.5 Shields


You had 6 spell levels left.
You didn't know any spells.
Your spell library was empty.

Dungeon Overview and Level Annotations

Branches:
Dungeon (4/15)              Sewer (visited)
 Temple: D:4-7

Altars:
Uskayaw

Annotations:
D:4 Ijyb, Robin


Innate Abilities, Weirdness & Mutations

You are immune to sickness and miasma.
Your stone body is resilient. (AC +4)
You are immune to poison.
You resist negative energy. (rN+)
You are resistant to electric shocks. (rElec)
You are resistant to unholy torment.
You are immune to petrification.


Message History

You hit Ijyb.
Ijyb is lightly wounded.
Ijyb hits you but does no damage.
You hit Ijyb.
Ijyb is lightly wounded.
Ijyb barely misses you.
You hit Ijyb.
Ijyb is moderately wounded.
Ijyb closely misses you.
You closely miss Ijyb.
Ijyb is moderately wounded.
Ijyb zaps a wand.
The puff of flame hits you!
You closely miss Ijyb.
Ijyb is moderately wounded.
Your attacks no longer feel as feeble.
Ijyb misses you.
You closely miss Ijyb.
Ijyb is moderately wounded.
Ijyb barely misses you.
You sock Ijyb!
Ijyb is severely wounded.
Ijyb zaps a wand.
The puff of flame hits you. Ijyb misses you.
You hit Ijyb.
Ijyb is almost dead.
Ijyb zaps a wand.
The puff of flame hits you!
You closely miss Ijyb.
Ijyb is almost dead.
Ijyb hits you with a +0 club.
As you read the scroll of fear, it crumbles to dust.
You assume a fearsome visage.
The goblin looks frightened! x5
Ijyb looks frightened!
The gnoll looks frightened!
The endoplasm looks frightened!
Cornered, Ijyb turns to fight!
Cornered, the goblin turns to fight! x2
Ijyb screams, "I no like you!"
Ijyb zaps a wand.
The puff of flame hits you!
* * * LOW HITPOINT WARNING * * *
Ijyb zaps a wand.
The puff of flame hits you.
* * * LOW HITPOINT WARNING * * *
Ijyb zaps a wand.
The puff of flame hits you!
You die...

...###...#######........# #..^.##
.....#..................# #......
...#.#..................# #......
........................###......
........................##.......
........................##.......
...#....................##.......
...#.#...............#########...
...#.#..........@....gggg.g.g....
##.#)..##################........
....<..# #..g..... ....##....#
#........ ....+..#.#..# #........
....##.#+# .. #........ ....####
#........ .......# #.....##.
....##.#


You could see Ijyb, a gnoll bouda and a goblin.

Vanquished Creatures
  An ice beast (D:3)
  2 kobold brigands (Sewer)
  2 scorpions
  A howler monkey (D:4)
  A hound (D:4)
  An iguana (D:4)
  An orc wizard (D:4)
  2 gnolls (D:4)
  7 river rats (Sewer)
  4 adders (Sewer)
  A dart slug (D:4)
  A worm (D:2)
  4 orcs
  5 bats
  6 endoplasms
  11 giant cockroaches
  9 goblins
  4 hobgoblins
  14 kobolds
  6 quokkas
  11 ball pythons
  4 frilled lizards
  21 rats
119 creatures vanquished.

Notes
Turn   | Place    | Note
-------+----------+-------------------------------------------
     0 | D:1      | KittyFluff the Gargoyle Berserker began the quest for the
                  | Orb.
     0 | D:1      | Reached XP level 1. HP: 14/14 MP: 1/1
   270 | D:1      | Reached XP level 2. HP: 12/19 MP: 2/2
   442 | D:1      | Found a faded altar of an unknown god.
   986 | D:2      | Reached XP level 3. HP: 24/24 MP: 3/3
  1875 | D:2      | Found a hide-covered altar of Uskayaw.
  1927 | D:2      | Reached ** piety under Trog
  2252 | D:3      | Noticed an ice beast
  2268 | D:3      | Killed an ice beast
  2269 | D:3      | Reached skill level 4 in Maces & Flails
  2269 | D:3      | Reached XP level 4. HP: 6/29 MP: 4/4
  2269 | D:3      | Reached XP level 5. HP: 7/33 MP: 5/5
  2423 | D:3      | Found a hide-covered altar of Uskayaw.
  2976 | D:4      | Found a glowing drain.
  3046 | Sewer    | Entered a sewer
  3070 | Sewer    | Reached XP level 6. HP: 20/38 MP: 6/6
  3204 | Sewer    | Reached skill level 5 in Maces & Flails
  3378 | Sewer    | Reached skill level 1 in Shields
  3581 | Sewer    | Reached *** piety under Trog
  3728 | Sewer    | Reached XP level 7. HP: 40/44 MP: 7/7
  4129 | D:4      | Reached skill level 1 in Stealth
  4486 | D:4      | Reached skill level 6 in Maces & Flails
  4500 | D:4      | Noticed Robin
  4501 | D:4      | Noticed Ijyb
  4550 | D:4      | Killed from afar by Ijyb

Illustrated notes

Levels and vault maps discovered:
D:1:      amcnicky_arrival_blooded_trapdoor, layout_loops_ring,
          shapermc_ecumenical_altar_mp_vishouse
D:2:      layout_basic, basic_altar
D:3:      layout_loops_ring, eat_drink_and_be_merry_uskayaw
D:4:      minmay_razor_zed, layout_basic, minmay_temple_entry_drinking_statues,
          gup_sewer_entry_pipe, uniq_robin, uniq_duvessa, uniq_ijyb

Skill      XL: |  1  2  3  4  5  6  7 |
---------------+----------------------+-----
Fighting       | 4 |  4.6
Maces & Flails | 4 5 6 |  6.1
Armour         | 3 4 |  4.6
Dodging        | 2 |  2.8
Shields        | 1 |  1.5
Stealth        | 1 |  1.1

Action                     |  1- 3 |  4- 6 |  7- 9 || total
---------------------------+-------+-------+-------++-------
  Melee: Mace              |   167 |   225 |   115 ||   507
         Punch             |     2 |       |       ||     2
 Invoke: Berserk           |     1 |     1 |       ||     2
    Use: Scroll            |     5 |       |     2 ||     7
   Stab: Sleeping          |     1 |     1 |     1 ||     3
 Armour: Leather armour    |    64 |   121 |    41 ||   226
  Dodge: Dodged            |   108 |   157 |    62 ||   327
  Block: Buckler           |     9 |    45 |    12 ||    66
